[Event "Titled Tuesday Blitz July 18 Late 2023"]
[White "Garcia Almaguer, Juan Manuel"]
[Black "UgarteCesar"]
[WhiteFideId "5110491"]
[WhiteElo "2455"]
[BlackElo "2226"]
[Result "1/2-1/2"]
[Round "2"]
[TimeControl "180+2"]
[Date "2023.07.18"]
[WhiteClock "0:01:03"]
[BlackClock "0:01:35"]
[Board "175"]

1. e4 c5 2. Nf3 Nc6 3. c3 d5 4. exd5 Qxd5 5. d4 Bg4 6. Be2 cxd4 7. Be3 e5 8. cxd4 O-O-O 9. Nc3 Bb4 10. dxe5 Qa5 11. Qb3 Be6 12. Qc2 Nge7 13. O-O Bxc3 14. Qxc3 Qxc3 15. bxc3 Ng6 16. Bb5 Ngxe5 17. Nxe5 Nxe5 18. Bxa7 Bc4 19. Rfe1 Bxb5 20. Rxe5 Bc6 21. Rae1 Rhe8 22. Rxe8 Rxe8 23. Rxe8+ Bxe8 24. Bd4 g6 25. Kf1 Kd7 26. Ke2 Kc6 27. Kd3 Kb5 28. Bf6 Bc6 29. g3 Bd5 30. a3 Ka4 31. Be7 Kb3 32. Kd4 Bc6 33. Bb4 h5 34. c4 Bd7 35. c5 Be6 36. Ke5 Kc4 37. Kd6 Kb5 38. Kc7 Bd5 39. f4 Be4 40. Kd6 Bd3 41. Ke7 Bc4 42. h3 Be6 43. g4 hxg4 44. hxg4 Bxg4 45. Kxf7 Bf5 46. Kf6 Be4 47. Ke5 Bf5 48. Kd4 Bd7 49. Be1 Ka4 50. Bb4 Kb5 51. Kd5 Bf5 1/2-1/2


[Site "https://www.chess.com"]

[Event "Titled Tuesday Blitz July 18 Late 2023"]
[White "De Arruda, Leandro Formes"]
[Black "Mujumdar, Sameer"]
[WhiteFideId "22722009"]
[BlackFideId "2029707"]
[WhiteElo "2225"]
[BlackElo "2447"]
[Result "0-1"]
[Round "2"]
[TimeControl "180+2"]
[Date "2023.07.18"]
[WhiteClock "0:00:00"]
[BlackClock "0:00:14"]
[Board "176"]

1. d4 d5 2. Nf3 Nf6 3. e3 c6 4. Nbd2 Bg4 5. Be2 e6 6. O-O Bd6 7. b3 Nbd7 8. Bb2 Qe7 9. Ne5 Bxe2 10. Qxe2 O-O 11. Rac1 c5 12. c4 cxd4 13. exd4 Rac8 14. c5 Bb8 15. b4 Nxe5 16. dxe5 Nd7 17. f4 a6 18. a4 a5 19. Nb3 axb4 20. Bd4 f6 21. exf6 Nxf6 22. Qb5 Ne4 23. g3 Ba7 24. a5 Rc6 25. Qxb4 Rfc8 26. Rb1 Nxc5 27. Nxc5 Bxc5 28. Bxc5 Rxc5 29. Qxb7 Qxb7 30. Rxb7 Rxa5 31. Re1 Ra6 32. f5 Re8 33. Rd7 e5 34. g4 Ra5 35. Kg2 d4 36. Rxd4 Rb8 37. Rde4 Rb2+ 38. R1e2 Rxe2+ 39. Rxe2 Kf7 40. h3 Kf6 41. Kf3 Ra3+ 42. Re3 Ra4 43. Re4 Ra1 44. Re2 h5 45. Kg3 Ra3+ 46. Kh4 hxg4 47. hxg4 Ra4 48. Rc2 e4 49. Rc6+ Ke5 50. Rg6 Ra7 51. Kg3 Rd7 52. Re6+ Kd4 53. Kf4 e3 54. Rxe3 Ra7 55. Re4+ Kd5 56. Re5+ Kd6 57. Re6+ Kd7 58. Rg6 Ke8 59. Kg5 Kf7 60. Re6 Ra4 61. Rc6 Ra7 62. Rb6 Rc7 63. Kh5 Rc1 64. Rb7+ Kf6 65. Rb6+ Kf7 66. Kg5 Rc7 67. Kf4 Ra7 68. g5 Ra4+ 69. Ke5 Ra5+ 70. Ke4 Ra4+ 71. Kd3 Ra3+ 72. Kc4 Rf3 73. g6+ Ke7 74. Re6+ Kd7 75. Re5 Kd6 76. Rd5+ Ke7 77. Kd4 Kf6 78. Ke4 Rf1 79. Rd6+ Kg5 80. Rd7 Re1+ 81. Kd5 Kf6 82. Rf7+ Kg5 83. Rxg7 Kxf5 84. Rf7+ Kxg6 85. Rf2 Rd1+ 86. Ke5 Re1+ 87. Kf4 Re6 88. Rg2+ Kf7 89. Kf5 Rf6+ 90. Ke5 Ra6 91. Rf2+ Ke7 92. Rh2 Ra5+ 93. Kd4 Ke6 94. Rh6+ Kd7 0-1


[Site "https://www.chess.com"]

[Event "Titled Tuesday Blitz July 18 Late 2023"]
[White "Castella Garcia, Fausto"]
[Black "Vila Dupla, Aurelio"]
[WhiteFideId "3501922"]
[BlackFideId "2203383"]
[WhiteElo "2444"]
[BlackElo "2214"]
[Result "0-1"]
[Round "2"]
[TimeControl "180+2"]
[Date "2023.07.18"]
[WhiteClock "0:00:32"]
[BlackClock "0:00:37"]
[Board "177"]

1. e4 c5 2. Nf3 d6 3. d4 cxd4 4. Nxd4 Nf6 5. Nc3 g6 6. f4 Nc6 7. Bb5 Bd7 8. Bxc6 bxc6 9. e5 dxe5 10. fxe5 Ng4 11. e6 Bxe6 12. Nxe6 Qxd1+ 13. Nxd1 fxe6 14. h3 Nf6 15. Ne3 Nd5 16. Nc4 Bg7 17. O-O Rf8 18. Bd2 Rxf1+ 19. Rxf1 Nb6 20. Na5 Bxb2 21. Nxc6 Rc8 22. Nb4 Bd4+ 23. Kh1 a5 24. Nd3 Rxc2 25. Bxa5 Nc4 26. Bb4 Ne3 27. Rf4 e5 28. Rh4 h5 29. Re4 Nxg2 30. Nxe5 Bxe5 31. Rxe5 Rxa2 32. Rxe7+ Kd8 33. Rg7 Nf4 34. h4 Rg2 35. Be7+ Ke8 36. Bg5 Rg4 37. Kh2 Kf8 38. Ra7 Ne6 39. Bf6 Rf4 40. Be7+ Ke8 41. Kg3 Rg4+ 42. Kf3 Nd4+ 43. Kf2 Nc6 0-1


[Site "https://www.chess.com"]

[Event "Titled Tuesday Blitz July 18 Late 2023"]
[White "Novikova, Margarita"]
[Black "Gaal, Zsoka"]
[WhiteFideId "14109689"]
[BlackFideId "777765"]
[WhiteElo "2187"]
[BlackElo "2443"]
[Result "0-1"]
[Round "2"]
[TimeControl "180+2"]
[Date "2023.07.18"]
[WhiteClock "0:01:06"]
[BlackClock "0:01:01"]
[Board "178"]

1. e4 e5 2. Nf3 d6 3. d4 exd4 4. Nxd4 Nf6 5. Nc3 g6 6. Bg5 Bg7 7. Qd2 h6 8. Bh4 g5 9. Bg3 Nc6 10. Bb5 Bd7 11. O-O Nxd4 12. Bxd7+ Nxd7 13. h4 Ne6 14. Nd5 Ne5 15. c3 gxh4 16. Bh2 h3 17. f4 Ng4 18. Bg3 hxg2 19. Kxg2 c6 20. Nb4 a5 21. Nc2 Qd7 22. f5 Nc5 23. Rad1 O-O-O 24. Rfe1 Be5 25. Bh4 Rde8 26. b4 Na4 27. Ne3 Rhg8 28. Kh1 Nxc3 29. bxa5 Nxd1 30. Rxd1 Nxe3 31. Rb1 Rg2 32. Qxe3 Rh2+ 33. Kg1 Rg8+ 34. Kf1 Rh1+ 35. Ke2 Rxb1 0-1


[Site "https://www.chess.com"]

[Event "Titled Tuesday Blitz July 18 Late 2023"]
[White "Reprintsev, Alexander"]
[Black "Cueto, Jonny"]
[WhiteFideId "14100541"]
[BlackFideId "3300145"]
[WhiteElo "2443"]
[BlackElo "2172"]
[Result "1-0"]
[Round "2"]
[TimeControl "180+2"]
[Date "2023.07.18"]
[WhiteClock "0:00:12"]
[BlackClock "0:00:00"]
[Board "179"]

1. e4 e6 2. d4 d5 3. Nc3 Nf6 4. Bg5 Be7 5. e5 Nfd7 6. Bxe7 Qxe7 7. f4 a6 8. Nf3 c5 9. Qd2 Nc6 10. dxc5 Nxc5 11. Nd4 Bd7 12. O-O-O b5 13. Nxc6 Bxc6 14. Ne2 a5 15. Nd4 Qb7 16. f5 b4 17. fxe6 fxe6 18. Bd3 O-O 19. Rhf1 a4 20. Rxf8+ Rxf8 21. Nxc6 Qxc6 22. Qxb4 Rc8 23. Qc3 Qb7 24. Qd4 a3 25. b3 Qb6 26. Be2 Qa5 27. Qd2 Qa7 28. Kb1 Qb6 29. Qd4 Qa7 30. c4 Qc7 31. Rc1 1-0


[Site "https://www.chess.com"]

[Event "Titled Tuesday Blitz July 18 Late 2023"]
[White "Cardenas Carbajal, Nilson"]
[Black "Ai, Evan"]
[WhiteFideId "8401128"]
[BlackFideId "2094770"]
[WhiteElo "2171"]
[BlackElo "2437"]
[Result "1/2-1/2"]
[Round "2"]
[TimeControl "180+2"]
[Date "2023.07.18"]
[WhiteClock "0:00:05"]
[BlackClock "0:00:50"]
[Board "180"]

1. e4 e6 2. Nf3 d5 3. e5 c5 4. b4 cxb4 5. d4 Nc6 6. a3 bxa3 7. c3 f6 8. Bd3 fxe5 9. dxe5 Bc5 10. O-O Nge7 11. Bxa3 Bxa3 12. Nxa3 O-O 13. Nb5 Bd7 14. Nd6 b6 15. Ng5 h6 16. Bh7+ Kh8 17. Ndf7+ Rxf7 18. Nxf7+ Kxh7 19. Nxd8 Rxd8 20. Qb3 Na5 21. Qb4 Nec6 22. Qd6 Bc8 23. Qc7 Ba6 24. Rxa5 bxa5 25. Qxc6 Bxf1 26. Kxf1 Rb8 27. Qxe6 a4 28. Qxd5 a3 29. e6 Rb2 30. Qe4+ g6 31. g3 a2 32. e7 a1=Q+ 33. Kg2 Rb8 34. e8=Q Rxe8 35. Qxe8 Qxc3 36. Qf7+ Qg7 37. Qd5 h5 38. h4 Qc7 39. f3 a5 40. g4 hxg4 41. fxg4 a4 42. h5 Qc2+ 43. Kh3 Qc3+ 44. Kg2 Qb2+ 45. Kg1 Qb1+ 46. Kg2 Qc2+ 47. Kg1 a3 48. hxg6+ Kg7 49. Qd7+ Kh6 50. Qh7+ Kg5 51. Qh5+ Kf4 52. g7 Qd1+ 53. Kh2 Qe2+ 54. Kg1 Qe1+ 55. Kh2 Qg3+ 56. Kh1 Qf3+ 57. Kh2 Qe2+ 58. Kh1 Qe4+ 59. Kh2 Qc2+ 60. Kg1 Qb1+ 61. Kh2 Qb2+ 62. Kg1 Qxg7 63. Qf5+ Ke3 64. Qe6+ Kd4 65. Qd6+ Kc4 66. Qxa3 Qxg4+ 67. Kf1 Qd1+ 68. Kg2 Qe2+ 69. Kh3 Qh5+ 70. Kg3 Qg5+ 71. Kf2 Qf4+ 72. Qf3 Qh2+ 73. Qg2 Qh4+ 74. Qg3 Qxg3+ 75. Kxg3 1/2-1/2


[Site "https://www.chess.com"]

[Event "Titled Tuesday Blitz July 18 Late 2023"]
[White "Glavina, Pablo"]
[Black "Osmonbekov, Talaibek"]
[WhiteFideId "100234"]
[BlackFideId "2017253"]
[WhiteElo "2435"]
[BlackElo "2171"]
[Result "1-0"]
[Round "2"]
[TimeControl "180+2"]
[Date "2023.07.18"]
[WhiteClock "0:01:51"]
[BlackClock "0:01:19"]
[Board "181"]

1. c4 e5 2. Nc3 d6 3. e3 f5 4. d4 e4 5. f3 Nf6 6. g3 c6 7. d5 Be7 8. Bg2 cxd5 9. cxd5 exf3 10. Nxf3 O-O 11. O-O a5 12. Nd4 g6 13. e4 fxe4 14. Bh6 Rf7 15. Nxe4 Nxe4 16. Rxf7 Kxf7 17. Bxe4 Bf6 18. Ne6 Qb6+ 19. Kh1 Na6 20. Qf3 Bxe6 21. dxe6+ Ke7 22. Rf1 Qxb2 23. Bg7 Nc5 24. Bxf6+ Kxe6 25. Bxb2 1-0


[Site "https://www.chess.com"]

[Event "Titled Tuesday Blitz July 18 Late 2023"]
[White "Sztokbant, Bernardo Vainzoff"]
[Black "Ilyuchyk, Yana"]
[WhiteFideId "2115956"]
[BlackFideId "13508407"]
[WhiteElo "2435"]
[BlackElo "2168"]
[Result "1-0"]
[Round "2"]
[TimeControl "180+2"]
[Date "2023.07.18"]
[WhiteClock "0:01:52"]
[BlackClock "0:02:28"]
[Board "182"]

1. e4 c5 2. Nf3 Nc6 3. d4 cxd4 4. Nxd4 Nf6 5. Nc3 d6 6. Bc4 e6 7. Bb3 Be7 8. O-O O-O 9. Be3 a6 10. f4 Nxd4 11. Bxd4 b5 12. a3 Bb7 13. Qe2 d5 14. Rad1 Nxe4 15. Nxe4 dxe4 16. Bxg7 Qb6+ 17. Bd4 Bc5 18. Qg4# 1-0


[Site "https://www.chess.com"]

[Event "Titled Tuesday Blitz July 18 Late 2023"]
[White "Sailer, Mike"]
[Black "Disconzi da Silva, Rodrigo"]
[WhiteFideId "2012901"]
[BlackFideId "2100991"]
[WhiteElo "2160"]
[BlackElo "2433"]
[Result "0-1"]
[Round "2"]
[TimeControl "180+2"]
[Date "2023.07.18"]
[WhiteClock "0:00:00"]
[BlackClock "0:01:07"]
[Board "183"]

1. d4 e6 2. Nc3 Bb4 3. Bf4 f5 4. Nf3 Nf6 5. a3 Bd6 6. Bxd6 cxd6 7. g3 d5 8. Bg2 O-O 9. O-O Nc6 10. e3 d6 11. Ne2 e5 12. Rc1 b5 13. a4 a6 14. axb5 axb5 15. Ra1 Bb7 16. Rxa8 Qxa8 17. Qa1 e4 18. Nd2 Nb4 19. c3 Nd3 20. b3 Rc8 21. Rb1 Bc6 22. b4 Be8 23. Nb3 Bh5 24. Qxa8 Rxa8 25. Bf1 Ra3 26. Nf4 Nxf4 27. gxf4 Be8 28. Be2 Bc6 29. Kf1 Ne8 30. Ke1 Nc7 31. Kd2 Na8 32. Na5 Ra2+ 33. Kd1 Be8 34. Rc1 Nb6 35. Rc2 Ra1+ 36. Rc1 Ra3 37. Rc2 Na4 38. Kd2 Ra1 39. Bd1 Rb1 40. Nb7 Nb2 41. Be2 Bd7 42. Nxd6 Na4 43. Nb7 Rh1 44. Nc5 Bc6 45. Nxa4 bxa4 46. b5 Bb7 47. Ra2 Rxh2 48. Ke1 Rh1+ 49. Bf1 Bc8 50. Rxa4 Bd7 51. Ra7 Bxb5 52. Ra5 Bxf1 53. Kd2 Bc4 0-1


[Site "https://www.chess.com"]

[Event "Titled Tuesday Blitz July 18 Late 2023"]
[White "Kovacsy, Barnabas"]
[Black "Ishowmoves57"]
[WhiteFideId "769290"]
[WhiteElo "2433"]
[BlackElo "2158"]
[Result "1-0"]
[Round "2"]
[TimeControl "180+2"]
[Date "2023.07.18"]
[WhiteClock "0:00:26"]
[BlackClock "0:00:00"]
[Board "184"]

1. e4 c5 2. Nf3 Nc6 3. d4 cxd4 4. Nxd4 e5 5. Nb5 d6 6. N1c3 a6 7. Na3 b5 8. Nd5 Be7 9. Bd3 Nf6 10. c3 Nxd5 11. exd5 Nb8 12. Nc2 f5 13. O-O O-O 14. f4 Nd7 15. fxe5 Nxe5 16. Nd4 Bg5 17. Kh1 g6 18. a4 Bxc1 19. Rxc1 bxa4 20. Nc6 Qf6 21. Nxe5 Qxe5 22. Qxa4 Rb8 23. Rce1 Qf6 24. Re2 f4 25. Be4 Qf7 26. Bf3 Bd7 27. Qd4 Rbc8 28. Rfe1 Rfe8 29. h3 Rxe2 30. Rxe2 g5 31. c4 Re8 32. Rxe8+ Qxe8 33. Qc3 Qe7 34. b4 Qg7 35. Qxg7+ Kxg7 36. c5 dxc5 37. bxc5 a5 38. c6 Bc8 39. d6 Kf7 40. d7 Bxd7 41. cxd7 Ke7 42. Bc6 1-0


[Site "https://www.chess.com"]

[Event "Titled Tuesday Blitz July 18 Late 2023"]
[White "Vanek, Tomas"]
[Black "Rios Escobar, Adan"]
[WhiteFideId "313459"]
[BlackFideId "3403645"]
[WhiteElo "2155"]
[BlackElo "2431"]
[Result "0-1"]
[Round "2"]
[TimeControl "180+2"]
[Date "2023.07.18"]
[WhiteClock "0:00:41"]
[BlackClock "0:00:10"]
[Board "185"]

1. d4 Nf6 2. Bf4 b6 3. c4 g6 4. Nc3 Bg7 5. e4 d6 6. Be2 c5 7. e5 dxe5 8. dxe5 Qxd1+ 9. Rxd1 Nh5 10. Be3 Bb7 11. Bf3 Bxf3 12. Nxf3 f5 13. exf6 Nxf6 14. O-O O-O 15. Rfe1 Nc6 16. Bf4 Rad8 17. Nd5 Nxd5 18. cxd5 Nd4 19. Nxd4 Bxd4 20. Bc1 Bxf2+ 21. Kh1 Bxe1 22. Rxe1 Rxd5 23. h3 Re8 24. Kh2 e5 25. Rf1 e4 26. Re1 Rd3 27. h4 e3 28. Kg3 e2+ 29. Kf2 Rd1 30. Bg5 Rxe1 31. Kxe1 Re4 32. Bf6 Kf7 33. Bc3 Ke6 34. g3 Kf5 35. Kf2 Kg4 36. Ke1 Kf3 37. Bd2 Kxg3 38. h5 Kf3 39. hxg6 hxg6 40. Bc3 g5 41. Kd2 g4 42. Ke1 g3 43. Kd2 e1=Q+ 44. Kc2 Qe2+ 45. Kb3 g2 46. a3 Qb5+ 47. Ka2 Qc4+ 48. b3 Re2+ 49. Kb1 Qxc3 50. b4 Qb2# 0-1


[Site "https://www.chess.com"]

[Event "Titled Tuesday Blitz July 18 Late 2023"]
[White "Mangialardo, Tiago Carvalho"]
[Black "Sliwicki, Damian"]
[WhiteFideId "2130718"]
[BlackFideId "1127128"]
[WhiteElo "2141"]
[BlackElo "2430"]
[Result "0-1"]
[Round "2"]
[TimeControl "180+2"]
[Date "2023.07.18"]
[WhiteClock "0:00:30"]
[BlackClock "0:00:49"]
[Board "186"]

1. e4 c5 2. Nf3 g6 3. d4 cxd4 4. Qxd4 Nf6 5. Qa4 Bg7 6. Nc3 O-O 7. e5 Ne8 8. Bf4 Nc6 9. O-O-O Nc7 10. h4 Ne6 11. Bg3 Qa5 12. Qxa5 Nxa5 13. Nd5 Nc6 14. Bb5 Kh8 15. Bxc6 dxc6 16. Nxe7 Re8 17. Nxc8 Raxc8 18. Rd7 Nc5 19. Rxf7 Kg8 20. Rf4 Bh6 21. Ng5 Rxe5 22. f3 Ne6 23. Rf8+ Rxf8 24. Bxe5 Nxg5 25. hxg5 Bxg5+ 26. Kd1 Rd8+ 27. Ke2 Re8 28. Kd3 Rxe5 29. c4 c5 30. g3 Re3+ 31. Kc2 Rxf3 0-1


[Site "https://www.chess.com"]

[Event "Titled Tuesday Blitz July 18 Late 2023"]
[White "Ricaurte Lopez, Juan Carlos"]
[Black "Gatterer, Florian"]
[WhiteFideId "3600327"]
[BlackFideId "811688"]
[WhiteElo "2139"]
[BlackElo "2428"]
[Result "1/2-1/2"]
[Round "2"]
[TimeControl "180+2"]
[Date "2023.07.18"]
[WhiteClock "0:02:24"]
[BlackClock "0:02:33"]
[Board "187"]

1. e4 c5 2. d4 cxd4 3. c3 dxc3 4. Nxc3 Nc6 5. Bc4 e6 6. Nf3 a6 7. O-O Bb4 8. Qe2 b5 9. Bb3 Nge7 10. Bg5 h6 11. Bh4 Qb6 12. Rfd1 Ng6 13. Bg3 1/2-1/2


[Site "https://www.chess.com"]

[Event "Titled Tuesday Blitz July 18 Late 2023"]
[White "Arnold, Ken"]
[Black "Capp, Stephen"]
[WhiteFideId "2056836"]
[BlackFideId "2027089"]
[WhiteElo "2427"]
[BlackElo "2133"]
[Result "1-0"]
[Round "2"]
[TimeControl "180+2"]
[Date "2023.07.18"]
[WhiteClock "0:00:57"]
[BlackClock "0:00:45"]
[Board "188"]

1. d4 Nf6 2. c4 a6 3. Nf3 b5 4. cxb5 axb5 5. e3 c6 6. Bd3 d5 7. O-O Bg4 8. h3 Bh5 9. Nbd2 e6 10. Qc2 Bd6 11. b3 Qc7 12. Bb2 O-O 13. Rfc1 Rc8 14. a3 Nbd7 15. b4 Nb6 16. Ne5 Nc4 17. Ndxc4 bxc4 18. Be2 Ne4 19. Bxh5 Bxe5 20. dxe5 Qe7 21. f4 Qh4 22. Bf3 Ng3 23. Qf2 g5 24. Kh2 gxf4 25. exf4 Nf5 26. Qxh4 Nxh4 27. a4 Kf8 28. Bd4 Ke7 29. Bg4 Rg8 30. g3 Ng6 31. Bf3 Kd7 32. a5 Rgb8 33. Bc5 Ne7 34. Bxe7 Kxe7 35. Ra4 Rb5 36. a6 Ra7 37. Rca1 h6 38. Kg2 d4 39. Bxc6 Rb6 40. b5 c3 41. Rxd4 c2 42. Rc4 1-0


[Site "https://www.chess.com"]

[Event "Titled Tuesday Blitz July 18 Late 2023"]
[White "Tqebuchava, Zurab"]
[Black "ArchibaldCerveza29"]
[WhiteFideId "13601113"]
[WhiteElo "2109"]
[BlackElo "2426"]
[Result "0-1"]
[Round "2"]
[TimeControl "180+2"]
[Date "2023.07.18"]
[WhiteClock "0:00:00"]
[BlackClock "0:00:37"]
[Board "189"]

1. e4 e5 2. Nf3 Nc6 3. Bb5 g6 4. O-O Bg7 5. c3 a6 6. Ba4 Nge7 7. d4 exd4 8. cxd4 b5 9. Bb3 d6 10. h3 O-O 11. d5 Na5 12. Nc3 c5 13. dxc6 Nxb3 14. axb3 Nxc6 15. Nxb5 d5 16. Qxd5 Bd7 17. Rd1 axb5 18. Rxa8 Qxa8 19. Qxb5 Ne5 20. Qe2 Nxf3+ 21. Qxf3 Be6 22. b4 Qb7 23. Bf4 Rc8 24. Bd6 Rc2 25. e5 Qxf3 26. gxf3 Rxb2 27. Ra1 Ra2 28. Rc1 Bf8 29. Rd1 Bxd6 30. exd6 Bd7 31. Rd4 Kf8 32. Kg2 Ke8 33. Kg3 Kd8 34. Kf4 Ra3 35. h4 Bc6 36. Ke5 Rxf3 0-1


[Site "https://www.chess.com"]

[Event "Titled Tuesday Blitz July 18 Late 2023"]
[White "Manukian, Artak"]
[Black "Bongo Akanga Ndjila, Barthelemy"]
[WhiteFideId "13301373"]
[BlackFideId "10609431"]
[WhiteElo "2425"]
[BlackElo "2078"]
[Result "1-0"]
[Round "2"]
[TimeControl "180+2"]
[Date "2023.07.18"]
[WhiteClock "0:00:13"]
[BlackClock "0:00:05"]
[Board "190"]

1. e4 e6 2. d4 d5 3. e5 c5 4. c3 Nc6 5. Nf3 Bd7 6. a3 cxd4 7. cxd4 f6 8. Bd3 fxe5 9. Nxe5 Nxe5 10. dxe5 Qc7 11. O-O g6 12. Nc3 a6 13. Bf4 Bg7 14. Rc1 Qb8 15. Na4 Bxa4 16. Qxa4+ b5 17. Qc2 Ne7 18. Qc5 Ra7 19. Qd6 Qd8 20. Qxe6 Qd7 21. Qb6 O-O 22. Bg3 Nf5 23. e6 Qb7 24. Qxb7 Rxb7 25. Bxf5 Rxf5 26. Rc6 Bxb2 27. Rxa6 Be5 28. Rd1 Bxg3 29. hxg3 Re5 30. f4 Re2 31. Rxd5 Re7 32. Re5 Rxe5 33. fxe5 g5 34. Kf2 Kg7 35. Ke3 Kg6 36. g4 h5 37. gxh5+ Kxh5 38. Ke4 Kg6 39. g4 Rb7 40. Rd6 b4 41. axb4 Rxb4+ 42. Rd4 Rb6 43. Kd5 Rb5+ 44. Kd6 Kg7 45. Ra4 Rb6+ 46. Kd5 Kf8 47. Ra7 Rb5+ 48. Ke4 Rb6 49. Kf5 Ke8 50. Kf6 Rb8 51. Rh7 Rb1 52. Rh8# 1-0


[Site "https://www.chess.com"]

[Event "Titled Tuesday Blitz July 18 Late 2023"]
[White "Herman, Daniel"]
[Black "Feliz Dotel, Dewar Bienvenido"]
[WhiteFideId "30935008"]
[BlackFideId "6402801"]
[WhiteElo "2417"]
[BlackElo "2072"]
[Result "1-0"]
[Round "2"]
[TimeControl "180+2"]
[Date "2023.07.18"]
[WhiteClock "0:01:02"]
[BlackClock "0:00:49"]
[Board "191"]

1. c4 e6 2. Nf3 d5 3. e3 Nf6 4. b3 c5 5. cxd5 exd5 6. d4 Be7 7. Bb5+ Bd7 8. Bxd7+ Nbxd7 9. dxc5 Nxc5 10. O-O O-O 11. Bb2 Nce4 12. Nc3 a6 13. Ne2 h6 14. Ned4 Rc8 15. Rc1 Qa5 16. Nf5 Ba3 17. Rxc8 Rxc8 18. Qa1 Rc2 19. Bxf6 Nxf6 20. Nxh6+ Kh7 21. Nxf7 Ne4 22. N3g5+ Kg6 23. Nxe4 dxe4 24. Ne5+ Kh7 25. Nc4 Qc5 26. Qb1 Re2 27. Qxe4+ Kh8 28. Nxa3 Qxa3 29. Qe8+ Kh7 30. Qh5+ 1-0


[Site "https://www.chess.com"]

[Event "Titled Tuesday Blitz July 18 Late 2023"]
[White "Floresvillar Gonzalez, Luis Migu"]
[Black "Mikhalsky, Vladimir"]
[WhiteFideId "5100542"]
[BlackFideId "14144352"]
[WhiteElo "2070"]
[BlackElo "2416"]
[Result "1/2-1/2"]
[Round "2"]
[TimeControl "180+2"]
[Date "2023.07.18"]
[WhiteClock "0:00:56"]
[BlackClock "0:00:04"]
[Board "192"]

1. e4 g6 2. d4 Bg7 3. c3 d6 4. Bd3 Nf6 5. f4 O-O 6. e5 Nfd7 7. Nf3 c5 8. Be3 cxd4 9. Bxd4 Nc6 10. exd6 Nxd4 11. Nxd4 e5 12. fxe5 Nxe5 13. O-O Qxd6 14. Be2 Nc6 15. Nxc6 Qxc6 16. Qd2 Qb6+ 17. Kh1 Bf5 18. Na3 Rad8 19. Qc1 Rfe8 20. Bf3 Qc7 21. Nb5 Qc5 22. Nd4 Bxd4 23. cxd4 Qxd4 24. Bxb7 Rb8 25. Qc7 Qxb2 26. Bf3 Qb6 27. Qxb6 Rxb6 28. h3 Rb2 29. a4 Be6 30. a5 Rc8 31. a6 Rcc2 32. Bb7 h5 33. Rg1 Bxh3 34. Kh2 Be6 35. Rad1 Rb4 36. Rd8+ Kg7 37. Ra8 Rc3 38. g3 Rb2+ 39. Rg2 Rb1 40. Rg1 Rb2+ 41. Rg2 Rb1 42. Rg1 Rb2+ 1/2-1/2


[Site "https://www.chess.com"]

[Event "Titled Tuesday Blitz July 18 Late 2023"]
[White "Mazurkiewicz, Michal"]
[Black "gordonzyxu"]
[WhiteFideId "1124943"]
[WhiteElo "2416"]
[BlackElo "2062"]
[Result "1-0"]
[Round "2"]
[TimeControl "180+2"]
[Date "2023.07.18"]
[WhiteClock "0:01:09"]
[BlackClock "0:00:22"]
[Board "193"]

1. e4 e5 2. Nf3 Nf6 3. d3 Nc6 4. g3 d5 5. exd5 Nxd5 6. Bg2 Bg4 7. h3 Bh5 8. O-O Be7 9. Qe1 Qd6 10. Nbd2 O-O-O 11. Nc4 Qc5 12. Nfxe5 Nxe5 13. Qxe5 Bg6 14. Be3 Nxe3 15. Qxe3 Qxe3 16. Nxe3 Bf6 17. Rab1 Rhe8 18. b3 h5 19. Nd5 Bd4 20. Rbe1 Bc5 21. h4 c6 22. Nf4 Bb4 23. Rxe8 Rxe8 24. Nxg6 fxg6 25. Be4 Re6 26. f4 Bc5+ 27. Kg2 Be7 28. f5 Rf6 29. fxg6 Rxf1 30. Kxf1 Kd7 31. Bf3 Ke6 32. Bxh5 Kf5 33. Kg2 c5 34. Kf3 b5 35. g4+ Kf6 36. g5+ Kf5 37. Bg4+ Kxg6 38. Ke4 b4 39. Kd5 Kf7 40. Be6+ Kg6 41. Bg4 Kf7 42. Bh5+ Kf8 43. Bg6 Kg8 44. Ke6 Kf8 45. Kd5 Kg8 46. Ke6 Kf8 47. Kd7 a5 48. Bh5 c4 49. dxc4 Bc5 50. Kc6 Bf2 51. Kb5 Ke7 52. Kxa5 Bc5 53. Kb5 Kd6 54. Bf3 g6 55. Be4 Bf2 56. Kxb4 1-0


[Site "https://www.chess.com"]

[Event "Titled Tuesday Blitz July 18 Late 2023"]
[White "Winkels, Marcel"]
[Black "Stachanczyk, Jacek"]
[WhiteFideId "1003887"]
[BlackFideId "1116657"]
[WhiteElo "2059"]
[BlackElo "2415"]
[Result "0-1"]
[Round "2"]
[TimeControl "180+2"]
[Date "2023.07.18"]
[WhiteClock "0:00:13"]
[BlackClock "0:00:54"]
[Board "194"]

1. e4 c5 2. Nf3 d6 3. d4 cxd4 4. Nxd4 Nf6 5. Nc3 g6 6. Be3 Bg7 7. f3 O-O 8. Qd2 Nc6 9. Bc4 Bd7 10. O-O-O Rb8 11. Bb3 Na5 12. h4 b5 13. h5 Nc4 14. Bxc4 bxc4 15. hxg6 fxg6 16. Bh6 Qb6 17. b3 Bxh6 18. Qxh6 Qa5 19. Nd5 Rf7 20. g4 Nxd5 21. exd5 c3 22. Kb1 Qxd5 23. Nf5 Qxf3 24. Rdf1 Qd5 25. Qg5 Bxf5 26. gxf5 Rbf8 27. Rhg1 Rxf5 28. Rxf5 Qxf5 29. Qxe7 Qf1+ 30. Qe1 Qxe1+ 31. Rxe1 h5 32. a4 Kg7 33. Re6 Rf6 34. Re7+ Rf7 35. Re6 h4 36. Rxd6 g5 37. Rd1 Kg6 38. Rd3 g4 39. Rxc3 h3 40. Rg3 Kg5 41. b4 h2 0-1


[Site "https://www.chess.com"]

[Event "Titled Tuesday Blitz July 18 Late 2023"]
[White "Baches Garcia, Guillermo"]
[Black "ilya2700"]
[WhiteFideId "2209764"]
[WhiteElo "2414"]
[BlackElo "2053"]
[Result "1-0"]
[Round "2"]
[TimeControl "180+2"]
[Date "2023.07.18"]
[WhiteClock "0:00:35"]
[BlackClock "0:01:15"]
[Board "195"]

1. e4 c5 2. Nf3 e6 3. d4 cxd4 4. Nxd4 Nf6 5. Nc3 Nc6 6. Nxc6 bxc6 7. e5 Nd5 8. Ne4 Qc7 9. f4 Qb6 10. c4 Ne3 11. Qd3 Bb4+ 12. Nc3 Ba6 13. Bxe3 Qa5 14. Bd2 O-O 15. Ne4 Rab8 16. b3 f5 17. Nd6 g5 18. g3 h5 19. Be2 g4 20. h3 Qc5 21. hxg4 hxg4 22. Bxb4 Qxb4+ 23. Kf2 Kg7 24. Rh2 Qc5+ 25. Qe3 Qa3 26. Qd2 Qc5+ 27. Qe3 Qa3 28. Rah1 Rh8 29. Rxh8 Rxh8 30. Rxh8 Kxh8 31. Qxa7 c5 32. Qxd7 Qxa2 33. Ne8 1-0


[Site "https://www.chess.com"]

[Event "Titled Tuesday Blitz July 18 Late 2023"]
[White "Joubert, Dantelle"]
[Black "Jonkman, Harmen"]
[WhiteFideId "14310813"]
[BlackFideId "1002708"]
[WhiteElo "2052"]
[BlackElo "2411"]
[Result "1-0"]
[Round "2"]
[TimeControl "180+2"]
[Date "2023.07.18"]
[WhiteClock "0:00:07"]
[BlackClock "0:00:00"]
[Board "196"]

1. e4 e5 2. Nf3 Nc6 3. Nc3 Nf6 4. a3 d5 5. Bb5 Nxe4 6. Nxe5 Nxc3 7. dxc3 Qd6 8. O-O a6 9. Bxc6+ bxc6 10. Bf4 Qf6 11. Re1 Be6 12. Bg3 Bc5 13. Nxc6 h5 14. Nd4 Bxd4 15. Qxd4 Qxd4 16. cxd4 Kd7 17. h3 h4 18. Bf4 Bf5 19. Re5 Be6 20. c4 f6 21. Re2 dxc4 22. Rd2 Bd5 23. Rc1 Rhe8 24. b3 cxb3 25. Rxc7+ Ke6 26. Rxg7 Rac8 27. g4 hxg3 28. fxg3 Rc1+ 29. Kf2 Kf5 30. Bd6 Ree1 31. g4+ Ke6 32. Bc7 Rf1+ 33. Kg3 1-0


[Site "https://www.chess.com"]

[Event "Titled Tuesday Blitz July 18 Late 2023"]
[White "Piekarski, Atila Balzer"]
[Black "MrAnnihilation"]
[WhiteFideId "2119552"]
[WhiteElo "2046"]
[BlackElo "2410"]
[Result "1-0"]
[Round "2"]
[TimeControl "180+2"]
[Date "2023.07.18"]
[WhiteClock "0:00:07"]
[BlackClock "0:00:00"]
[Board "197"]

1. d4 Nf6 2. c4 e6 3. Nc3 Bb4 4. e3 c5 5. Bd3 Bxc3+ 6. bxc3 Nc6 7. Ne2 d6 8. g4 h6 9. Rg1 b6 10. h4 g5 11. e4 Nd7 12. Ng3 cxd4 13. Nh5 dxc3 14. hxg5 hxg5 15. Qc2 Nde5 16. Qxc3 Nd4 17. Be2 Nxe2 18. Kxe2 Ba6 19. Bb2 Bxc4+ 20. Ke3 Rxh5 21. gxh5 Qf6 22. Rg3 Qf4+ 23. Kd4 b5 24. Qe3 Nc6+ 25. Kc3 Qe5+ 26. Kc2 Nb4+ 27. Kd1 Qxb2 28. Rc1 Nxa2 29. Rc2 Qb1+ 30. Kd2 Nb4 31. Rxc4 bxc4 32. Qxg5 1-0


[Site "https://www.chess.com"]